 Dungeon Crawl Stone Soup version 0.29.0 (webtiles) character file.

Game seed: 9522663205742873698

43 Dorkslayer the Trooper (level 3, 0/33 HPs)
             Began as a Hill Orc Fighter on Aug 31, 2022.
             Slain by a gnoll
             ... wielding a +0 spear
              (1 damage)
             ... on level 2 of the Dungeon.
             The game lasted 00:03:02 (1186 turns).

Dorkslayer the Trooper (Hill Orc Fighter)           Turns: 1186, Time: 00:03:02

Health: 0/33       AC:  7    Str: 20    XL:     3   Next: 58%
Magic:  3/3        EV:  9    Int:  8    God:
Gold:   30         SH:  4    Dex: 10    Spells: 2/2 levels left

rFire   . . .      SeeInvis .   a - +0 war axe
rCold   . . .      Faith    .   c - +0 buckler
rNeg    . . .      Spirit   .   b - +0 scale mail
rPois   .          Reflect  .   (no helmet)
rElec   .          Harm     .   (no cloak)
rCorr   .          Rampage  .   (no gloves)
Will    .....                   (no boots)
Stlth   ..........              (no amulet)
HPRegen 0.11/turn               (no ring)
MPRegen 0.08/turn               (no ring)

@: mighty
A: no striking features
a: no special abilities


You were on level 2 of the Dungeon.
You visited 1 branch of the dungeon, and saw 2 of its levels.

You collected 30 gold pieces.

Inventory:

Hand Weapons
 a - a +0 war axe (weapon)
Armour
 b - a +0 scale mail (worn)
 c - a +0 buckler (worn)
Scrolls
 e - a scroll of magic mapping {unknown}
 f - a scroll of identify {unknown}
 i - a scroll of brand weapon {unknown}
Potions
 g - a potion of heal wounds {unknown}
 h - a potion of haste {unknown}


   Skills:
 * Level 4.2 Fighting
 + Level 3.1 Axes
 + Level 3.9 Armour
 * Level 0.5 Dodging
 + Level 3.4 Shields


You had 2 spell levels left.
You didn't know any spells.
Your spell library was empty.

Dungeon Overview and Level Annotations

Branches:
Dungeon (2/15)

Altars:


Message History

The gnoll barely misses you. The gnoll closely misses you.
You block the gnoll's attack.
The gnoll hits you from afar with a +0 spear.
The gnoll hits you with a +0 spear. The gnoll attacks as you move away!
The gnoll hits you with a +0 spear.
You feel very mighty all of a sudden. The gnoll hits you with a +0 spear.
The gnoll hits you from afar with a +0 spear.
You closely miss the gnoll. You block the gnoll's attack. x2
You closely miss the gnoll. The gnoll barely misses you.
The gnoll hits you but does no damage. You block the gnoll's attack.
The gnoll barely misses you.
You barely miss the gnoll. The gnoll hits you with a +0 spear.
The gnoll barely misses you.
You slash the gnoll!
The gnoll is severely wounded.
You block the gnoll's attack. The gnoll misses you.
You slash the gnoll!
You kill the gnoll!
The gnoll barely misses you. x2
The gnoll hits you with a +0 spear.
* * * LOW HITPOINT WARNING * * *
The gnoll hits you from afar with a +0 halberd.
* * * LOW HITPOINT WARNING * * *
Things that are here:
a +0 spear; a gnoll corpse You hit the gnoll.
The gnoll is heavily wounded.
The gnoll hits you with a +0 spear.
* * * LOW HITPOINT WARNING * * *
The gnoll barely misses you.
You closely miss the gnoll.
The gnoll is heavily wounded.
The gnoll hits you with a +0 spear.
* * * LOW HITPOINT WARNING * * *
The gnoll hits you but does no damage.
You closely miss the gnoll.
The gnoll is heavily wounded.
The gnoll hits you with a +0 spear.
You die...

...
##..#####...#
#.รท.#
#.#...# #..##
#.# #....
#..# #.# ###
#..# ##.#
##..# #..#
#..## #.##
#..# #.# #.##
#@# ### #g#
#g# ... .....
.......
........#
.........#
#.........#


You could see 2 gnolls.

Vanquished Creatures
  A gnoll (D:2)
  An adder (D:2)
  A worm (D:2)
  2 ball pythons
  2 endoplasms
  5 goblins
  3 hobgoblins
  2 quokkas (D:1)
  2 kobolds (D:1)
19 creatures vanquished.

Notes
Turn   | Place    | Note
-------+----------+-------------------------------------------
     0 | D:1      | Dorkslayer the Hill Orc Fighter began the quest for the
                  | Orb.
     0 | D:1      | Reached XP level 1. HP: 19/19 MP: 1/1
   256 | D:1      | Found a faded altar of an unknown god.
   296 | D:1      | Reached XP level 2. HP: 14/27 MP: 2/2
   697 | D:1      | Reached skill level 4 in Fighting
   843 | D:2      | Reached XP level 3. HP: 7/33 MP: 3/3
  1185 | D:2      | HP: 1/33 [gnoll/+0 spear (3)]
  1186 | D:2      | Slain by a gnoll

Illustrated notes

Levels and vault maps discovered:
D:1:      psy_arrival_dodecagon, layout_loops_ring,
          ebering_ecumenical_altar_mist
D:2:      layout_rooms

Skill      XL: |  1  2 |
---------------+-------+-----
Fighting       | 4 |  4.2
Axes           | 3 |  3.1
Armour         | |  3.9
Dodging        | |  0.5
Shields        | |  3.4

Action                   || total
-------------------------++-------
Melee: War axe           ||    79
  Use: Potion            ||     1
Armor: Scale mail        ||    34
Dodge: Dodged            ||    46
Block: Buckler           ||    21
